 Dungeon Crawl Stone Soup version 0.17.1-1-g73c8601 (webtiles) character file.

648 Implojin the Grappler (level 7, -3/66 HPs)
             Began as a Troll Monk on Apr 8, 2016.
             Was a Believer of Okawaru.
             Slain by a killer bee (6 damage)
             ... on level 7 of the Dungeon.
             The game lasted 00:04:38 (710 turns).

Implojin the Grappler (Troll Monk)                   Turns: 710, Time: 00:04:38

Health: -3/66      AC:  5    Str: 20    XL:     7   Next: 27%
Magic:  4/6        EV:  9    Int:  6    God:    Okawaru [**....]
Gold:   297        SH:  0    Dex: 14    Spells: 0 memorised, 6 levels left

rFire  . . .     SeeInvis .       - Unarmed
rCold  . . .     Clarity  .     a - +0 robe
rNeg   . . .     SustAt   .     (no shield)
rPois  .         Gourm    +     (helmet restricted)
rElec  .         Spirit   .     (no cloak)
rCorr  .         Warding  .     (gloves unavailable)
rMut   .         Stasis   .     (boots unavailable)
MR     .....                    (no amulet)
Stlth  ++........               (no ring)
                                (no ring)

@: lethally poisoned (-3 -> -4), heroism, not resistant to hostile enchantments,
unstealthy
A: unfitting armour, claws 3, fast metabolism 3, gourmand, regeneration 2,
shaggy fur 1, tough skin 2
a: Heroism, Renounce Religion


You were on level 7 of the Dungeon.
You worshipped Okawaru.
Okawaru was pleased with you.
You were full.

You visited 2 branches of the dungeon, and saw 8 of its levels.
You also visited: Ossuary.

You collected 297 gold pieces.

Inventory:

Armour
 a - a +0 robe (worn)
Jewellery
 f - an uncursed ring of fire {unknown}
Wands
 d - a wand of magic darts (28)
Scrolls
 g - a scroll of teleportation {unknown}
 i - a scroll of identify {unknown}
 k - a scroll of acquirement {unknown}
 o - a scroll of immolation {unknown}
Potions
 c - a potion of agility {unknown}
 e - 2 potions of curing {unknown}
 h - a potion of berserk rage {unknown}
 l - a potion of poison {unknown}
 n - a potion of flight {unknown}
 p - 2 potions of heal wounds {unknown}
Comestibles
 b - 3 bread rations
 m - 3 fruits


   Skills:
 - Level 2.4(7.4) Fighting
 - Level 2.4(7.4) Dodging
 - Level 1.1(6.1) Stealth
 * Level 9.0(14.0) Unarmed Combat


You had 6 spell levels left.
You didn't know any spells.

Dungeon Overview and Level Annotations

Branches:
Dungeon (7/15)             Temple (1/1) D:6

Altars:
Ashenzari
Fedhas
Gozag
Kikubaaqudgha
Okawaru
Ru
Sif Muna
Trog
Vehumet

Annotations:
D:3 Implojin's ghost, amateur TrMo; Natasha


Innate Abilities, Weirdness & Mutations

You are too large for most types of armour.
You have claws for hands.
Your metabolism is lightning-fast.
You like to eat raw meat.
You heal very quickly.
You are covered in fur (AC +1).
You have very tough skin (AC +2).


Message History

You kill the shadow imp!
Okawaru accepts your kill.
You see here a smoky ruby potion.
You see here a scroll labeled IHOS IGET WANK.
You gain the combat prowess of a mighty hero.
You feel slightly less full.
You claw the killer bee!
The killer bee is heavily wounded.
The killer bee closely misses you.
You closely miss the killer bee.
The killer bee is heavily wounded.
The killer bee stings you but does no damage.
The killer bee completely misses you.
You closely miss the killer bee.
The killer bee is heavily wounded.
The killer bee stings you.
* * * LOW HITPOINT WARNING * * *
You are poisoned.
The killer bee poisons you!
You miss the killer bee.
The killer bee is heavily wounded.
You feel sick.
The killer bee buzzes angrily.
The killer bee stings you!
* * * LOW HITPOINT WARNING * * *
The killer bee completely misses you.
Drink which item? (? for menu, Esc to quit)
Okay, then.
Read which item? (? for menu, Esc to quit)
Okay, then.
The killer bee stings you.
* * * LOW HITPOINT WARNING * * *
You are more poisoned.
The killer bee poisons you!
The killer bee stings you but does no damage.
There is a stone staircase leading down, spattered with blood here.
You see here an orc corpse.
Unknown command.
You feel sick. The killer bee stings you.
You die...

#.)P................. .
#....................
....#..y..........#.....
...[.........##.....#
.......y..........# ..
..................##....
........................
............y>.#.###.#.
.............@.#.# ..
...........!y..#.# .#
............?..#.# #
...........##.#
...#.....###.# ..
####... #.. # .....<..
######.#.


You could see 4 killer bees.

Vanquished Creatures
  Grinder (D:3)
  2 wargs (D:7)
  A crimson imp (D:6)
  A hound (D:5)
  A giant frog skeleton (D:6)
  An iguana (D:7)
  2 big kobold zombies (Ossuary)
  2 mummies (Ossuary)
  A shadow imp (D:7)
  An ooze (D:4)
  A worm zombie (D:5)
  A worm (D:2)
  A giant gecko (D:6)
  2 orcs
  2 bats (D:2)
  4 gnoll zombies
  A hobgoblin (D:3)
  4 jackals (D:6)
  A giant newt (D:5)
  A goblin (D:2)
  4 goblin zombies (Ossuary)
  2 hobgoblin zombies (Ossuary)
  A jackal zombie (D:5)
  2 kobolds (D:3)
  3 orc zombies (Ossuary)
  A quokka skeleton (D:7)
44 creatures vanquished.

Vanquished Creatures (others)
  A wizard (D:3)
1 creature vanquished.

Grand Total: 45 creatures vanquished

Notes
Turn   | Place    | Note
--------------------------------------------------------------
     0 | D:1      | Implojin the Troll Monk began the quest for the Orb.
     0 | D:1      | Reached XP level 1. HP: 22/22 MP: 0/0
   158 | D:3      | Found a bloodstained altar of Trog.
   166 | D:3      | Reached XP level 2. HP: 23/29 MP: 1/1
   191 | D:3      | Noticed a wizard
   198 | D:3      | Killed a wizard
   212 | D:3      | Noticed Grinder
   221 | D:3      | Noticed Implojin's ghost (amateur TrMo)
   221 | D:3      | Killed Grinder
   221 | D:3      | Reached skill level 6 in Unarmed Combat
   221 | D:3      | Reached XP level 3. HP: 18/36 MP: 2/2
   221 | D:3      | Reached XP level 4. HP: 22/44 MP: 3/3
   221 | D:3      | Reached XP level 5. HP: 25/50 MP: 4/4
   259 | D:3      | Noticed Natasha
   283 | D:5      | Entered Level 5 of the Dungeon
   291 | D:5      | Reached skill level 7 in Unarmed Combat
   292 | D:5      | Found a sand-covered staircase.
   314 | Ossuary  | Entered an ossuary
   331 | Ossuary  | Reached XP level 6. HP: 38/59 MP: 5/5
   567 | D:6      | Found a staircase to the Ecumenical Temple.
   606 | Temple   | Entered the Ecumenical Temple
   612 | Temple   | Became a worshipper of Warmaster Okawaru
   612 | Temple   | Reached * piety under Okawaru
   612 | Temple   | Reached ** piety under Okawaru
   662 | D:7      | Noticed a warg
   663 | D:7      | Noticed a warg
   671 | D:7      | Reached skill level 8 in Unarmed Combat
   679 | D:7      | Killed a warg
   679 | D:7      | Reached XP level 7. HP: 11/66 MP: 6/6
   682 | D:7      | Killed a warg
   697 | D:7      | Reached skill level 9 in Unarmed Combat
   709 | D:7      | HP: 3/66 [killer bee (5)]
   710 | D:7      | Slain by a killer bee

Action                   |  1- 3 |  4- 6 |  7- 9 || total
-------------------------+-------+-------+-------++-------
Melee: Unarmed           |    38 |   102 |    12 ||   152
Invok: Heroism           |       |     1 |     1 ||     2
 Stab: Sleeping          |       |     1 |       ||     1
  Eat: Chunk             |       |     7 |     2 ||     9

Table legend:
 A = Turns spent in this place as a percentage of turns spent in the entire game.
 B = Non-inter-level travel turns spent in this place as a percentage of non-inter-level travel turns spent in the entire game.
 C = Inter-level travel turns spent in this place as a percentage of turns spent in this place.
 D = Turns resting spent in this place as a percentage of non-inter-level travel turns spent in this place.
 E = Turns spent auto-exploring this place as a percentage of non-inter-level travel turns spent in this place.
 F = Non-inter-level travel turns spent in this place divided by the number of levels of this place that you've seen.
                   A       B       C       D       E      F
               +-------+-------+-------+-------+-------+----------------------
         Total | 100.0 | 100.0 |   0.0 |   0.0 |   0.0 |  75.4
       Dungeon |  80.9 |  80.9 |   0.0 |   0.0 |   0.0 |  78.4
        Temple |   1.8 |   1.8 |   0.0 |   0.0 |   0.0 |  12.0
       Ossuary |  17.4 |  17.4 |   0.0 |   0.0 |   0.0 | 118.0
               +-------+-------+-------+-------+-------+----------------------

Table legend:
 A = Kills in this place as a percentage of kills in entire the game.
 B = Kills by you in this place as a percentage of kills by you in the entire game.
 C = Kills by friends in this place as a percentage of kills by friends in the entire game.
 D = Other kills in this place as a percentage of other kills in the entire game.
 E = Experience gained in this place as a percentage of experience gained in the entire game.
 F = Experience gained in this place divided by the number of levels of this place that you have seen.
                   A       B       C       D       E      F
               +-------+-------+-------+-------+-------+----------------------
         Total | 100.0 | 100.0 |  -nan |  -nan | 100.0 | 103.0
       Dungeon |  63.6 |  63.6 |  -nan |  -nan |  88.9 | 117.7
       Ossuary |  36.4 |  36.4 |  -nan |  -nan |  11.1 | 103.0
               +-------+-------+-------+-------+-------+----------------------
